Map: Tours du crépuscule

Players

Zwift - Winner!

  • Race: Terran Terran
  • League: Bronze
  • Spawn Location: 7:00

zidar

  • Race: Zerg Zerg
  • League: Silver
  • Spawn Location: 1:00

VOD

Have the link to the VOD?

Description

Time

  • Played on: Nov. 28, 2015, 2:48 p.m.
  • Length: 19:09
Show
View Real Time Build Order
Export as new Build Order

Zwift Terran - Winner!

Build Orders:  

Get SALT Encoding   

  12  0:01  SCV  
  13  0:13  SCV  
  14  0:22  Supply Depot  
  14  0:25  SCV  
  15  0:44  SCV  
  15  0:47  Barracks  
  16  0:56  SCV  
  17  1:08  SCV  
  18  1:22  Command Center  
  18  1:27  SCV  
  19  1:40  Marine  
  19  1:44  Orbital Command  
  20  1:50  Barracks  
  20  2:02  Marine  
  21  2:11  SCV  
  22  2:20  Supply Depot  
  22  2:22  Refinery  
  22  2:23  Marine, Refinery  
  23  2:34  SCV  
  24  2:39  Orbital Command  
  24  2:43  Marine  
  25  2:46  SCV, Supply Depot  
  25  2:49  Marine  
  26  2:58  SCV  
  27  3:09  SCV  
  27  3:10  SCV  
  29  3:16  Bunker  
  29  3:21  Marine x2, SCV  
  29  3:24  Supply Depot  
  32  3:30  Barracks  
  32  3:36  SCV x2  
  34  3:44  Marine  
  34  3:45  Marine  
  36  3:52  SCV x2  
  38  4:00  Supply Depot  
  38  4:04  SCV  
  38  4:05  Factory  
  38  4:06  Engineering Bay  
  38  4:07  Marine  
  38  4:08  Marine  
  38  4:09  Engineering Bay  
  40  4:21  Bunker  
  39  4:25  Marine  
  39  4:26  Marine  
  41  4:35  SCV x2  
  39  4:51  Factory Tech Lab  
  39  4:52  Barracks Tech Lab  
  39  4:54  Barracks Reactor  
  39  4:56  Barracks Reactor  
  39  5:01  SCV x2  
  41  5:13  Terran Infantry Weapons Level 1  
  41  5:31  Marine x3  
  41  5:32  SCV x2  
  46  5:39  Siege Tank  
  49  5:43  Marine x2  
  49  5:44  SCV  
  49  5:48  Marine, Stimpack  
  49  5:49  Marine  
  54  5:50  SCV  
  54  5:56  SCV  
  56  6:02  Command Center, SCV  
  57  6:06  Marine x2, Refinery x2  
  57  6:07  Marine x3  
  57  6:09  SCV  
  63  6:14  SCV  
  64  6:21  Siege Tank  
  64  6:24  Marine x2  
  69  6:32  Supply Depot  
  69  6:43  SCV  
  70  6:50  Supply Depot  
  70  6:53  SCV, Terran Infantry Armor Level 1  
  70  6:54  Starport  
  71  6:55  SCV  
  72  7:14  SCV x2  
  75  7:16  Orbital Command  
  74  7:24  Supply Depot  
  74  7:27  Marine  
  74  7:28  Marine x4, Armory  
  79  7:30  Siege Tank  
  79  7:33  Starport Reactor  
  82  7:39  Supply Depot  
  82  7:45  Marine  
  82  7:47  SCV x3  
  82  7:49  Marine  
  82  7:50  Marine x3  
  90  7:59  SCV  
  90  8:02  Hellion  
  76  8:06  Marine  
  76  8:07  Marine  
  76  8:08  SCV x2  
  76  8:11  SCV  
  81  8:14  Medivac x2  
  81  8:17  Marine x3  
  88  8:24  Marine, Siege Tank  
  88  8:26  SCV x2  
  94  8:31  Refinery x2  
  94  8:37  Barracks  
  94  8:38  Barracks  
  94  8:41  SCV x2  
  94  8:42  SCV  
  94  8:45  Terran Infantry Weapons Level 2  
  97  8:53  SCV, Medivac  
  98  9:03  Widow Mine  
  98  9:09  Marine x3  
  100  9:24  Siege Tank  
  100  9:25  SCV x3  
  106  9:35  Terran Infantry Armor Level 2  
  106  9:37  SCV x2  
  108  9:46  Barracks Tech Lab  
  108  9:47  Barracks Reactor  
  108  9:57  Marine x5  
  108  9:59  Siege Tank  
  116  10:03  Liberator x2  
  116  10:11  SCV, Supply Depot  
  116  10:12  Supply Depot  
  116  10:13  Supply Depot  
  117  10:21  SCV x2  
  105  10:33  Missile Turret x2  
  105  10:37  Missile Turret  
  105  10:38  Missile Turret  
  105  10:45  Missile Turret, Supply Depot  
  105  10:48  Missile Turret  
  105  10:49  Missile Turret  
  105  10:53  Liberator x2  
  105  11:00  Supply Depot  
  105  11:04  Marine x6  
  106  11:05  Marine x2  
  106  11:07  Thor  
  125  11:12  SCV x3  
  128  11:23  Command Center  
  128  11:50  Marine x5, Thor  
  128  11:51  Marine x3  
  128  11:53  Combat Shield  
  142  12:08  Marine  
  143  12:09  SCV x2  
  143  12:10  Marine, SCV  
  143  12:11  Marine x3  
  150  12:22  SCV x2  
  152  12:29  Terran Infantry Weapons Level 3, Terran Infantry Armor Level 3  
  111  13:10  Marine x6  
  111  13:11  Marine x2  
  116  13:13  Thor  
  109  13:30  Marine x3  
  109  13:31  Marine x5  
  109  13:32  Liberator x2  
  111  13:50  Marine x2  
  111  13:51  Marine x5  
  111  13:52  Marine  
  125  13:56  Thor  
  125  13:59  Planetary Fortress  
  131  14:05  Terran Vehicle Weapons Level 1  
  131  14:10  Marine x3  
  131  14:11  Marine x4  
  131  14:12  Marine  
  139  14:28  Marine  
  139  14:30  Factory  
  140  14:31  Factory  
  140  14:36  Missile Turret  
  140  14:37  SCV x3  
  143  14:39  Thor  
  143  14:43  Command Center  
  127  15:07  Marine  
  127  15:08  Marine x4  
  120  15:17  Liberator x2  
  120  15:20  Factory Tech Lab x2  
  120  15:22  Thor  
  120  15:27  Marine x5  
  120  15:28  Marine x3  
  140  15:45  Marine x3  
  143  15:54  Marine x4  
  143  15:55  Marine  
  148  15:59  Hellbat x2  
  148  16:00  Liberator x2  
  148  16:02  Marine  
  153  16:05  Hellbat  
  153  16:09  Refinery  
  153  16:10  Refinery, Starport  
  161  16:22  Marine  
  161  16:23  Marine x2  
  161  16:24  Hellion x2  
  168  16:25  Marine  
  168  16:26  Marine x4  
  168  16:27  Hellbat  
  138  16:40  Marine x2  
  138  16:41  Marine  
  138  16:43  Marine x2, Liberator x2  
  138  16:45  Hellion  
  143  16:47  Thor  
  143  16:54  Marine x3  
  144  16:56  Hellbat  
  154  17:03  Starport Tech Lab  
  154  17:06  Hellbat  
  156  17:11  Planetary Fortress  
  156  17:25  Liberator  
  156  17:26  Marine x2  
  156  17:27  Marine x6  
  164  17:31  Hellbat  
  166  17:42  Armory  
  169  17:47  Marine x3  
  169  17:51  Marine x4  
  174  17:52  Marine  
  177  18:05  Marine  
  178  18:10  Command Center  
  178  18:12  Marine x3  
  179  18:13  Marine x4  
  185  18:21  Supply Depot  
  185  18:22  Marine  
  185  18:23  Supply Depot x2  
  185  18:25  Supply Depot  
Show
View Real Time Build Order
Export as new Build Order

zidar Zerg 

Build Orders: Hatch First, Muta Ling Bane 

Get SALT Encoding   

  12  0:02  Drone  
  13  0:12  Overlord  
  13  0:17  Drone  
  14  0:30  Drone x2  
  16  0:35  Drone  
  17  0:57  Hatchery  
  17  0:58  Drone  
  17  1:02  Extractor  
  17  1:03  Drone  
  17  1:21  Spawning Pool  
  17  1:22  Drone  
  17  1:27  Drone  
  18  1:35  Overlord  
  18  1:48  Drone  
  18  1:51  Drone  
  20  2:07  Metabolic Boost  
  20  2:10  Queen  
  22  2:19  Queen  
  23  2:31  Drone x4  
  23  2:34  Drone  
  28  2:44  Overlord  
  28  2:50  Overlord  
  28  3:05  Drone x5  
  33  3:12  Baneling Nest  
  33  3:19  Overlord x2  
  32  3:31  Zergling x2  
  32  3:32  Zergling x10  
  32  3:33  Zergling x2  
  39  3:48  Pneumatized Carapace  
  39  4:01  Extractor  
  38  4:07  Extractor  
  38  4:08  Extractor  
  31  4:45  Zergling x20  
  36  4:46  Zergling x6  
  42  4:58  Lair  
  42  5:04  Baneling  
  42  5:05  Baneling x2  
  42  5:06  Baneling x2  
  42  5:07  Baneling  
  42  5:17  Drone x6  
  48  5:28  Drone x6  
  54  5:39  Queen  
  56  5:45  Hatchery  
  55  6:02  Spire  
  55  6:03  Centrifical Hooks  
  54  6:12  Evolution Chamber  
  54  6:13  Evolution Chamber  
  54  6:14  Queen  
  54  6:15  Queen  
  56  6:29  Zergling x2  
  56  6:30  Zergling x6  
  56  6:32  Overlord  
  60  6:33  Overlord x4  
  60  6:41  Zerg Melee Weapons Level 1  
  60  6:44  Zerg Ground Armor Level 1  
  60  7:25  Baneling  
  60  7:26  Baneling  
  60  7:27  Baneling  
  60  7:40  Zerg Flyer Weapons Level 1  
  60  7:44  Mutalisk  
  60  7:45  Mutalisk x7  
  78  7:51  Overlord x2  
  78  7:54  Overlord  
  69  8:08  Baneling  
  69  8:09  Baneling x5  
  69  8:13  Zergling x14  
  76  8:22  Drone x4  
  78  9:32  Zergling x24  
  89  9:57  Baneling x13  
  89  9:58  Baneling x2  
  89  10:01  Mutalisk  
  89  10:02  Mutalisk x5  
  101  10:50  Overlord  
  101  10:51  Overlord  
  101  10:57  Hatchery  
  100  11:07  Zerg Ground Armor Level 2, Zerg Melee Weapons Level 2  
  100  11:09  Zerg Flyer Weapons Level 2  
  100  11:15  Mutalisk  
  100  11:16  Mutalisk x5  
  112  11:20  Zergling x2  
  112  11:21  Zergling x4  
  115  11:26  Baneling  
  115  11:27  Baneling x3  
  115  11:53  Infestation Pit  
  115  12:08  Zergling x2  
  115  12:09  Zergling x18  
  115  12:15  Mutalisk x2  
  128  12:30  Hive  
  33  14:17  Corruptor x2  
  33  14:18  Corruptor x2  
  33  14:19  Corruptor  
  33  14:22  Zergling x26  
  33  14:23  Zergling x6  
  59  14:48  Baneling x8  
  59  14:54  Zergling x10  
  59  14:55  Zergling x10  
  56  15:18  Baneling x3  
  56  15:21  Zergling x2  
  56  15:22  Zergling x14  
  56  15:24  Baneling  
  56  15:25  Baneling x7  
  64  15:42  Drone x5  
  69  16:11  Zergling x2  
  69  16:12  Zergling x28  
  56  16:59  Zergling x14  
  56  17:00  Zergling x22  
  74  17:33  Zergling x14  
  74  17:34  Zergling x4  
  83  17:43  Zergling x2  
  83  17:44  Zergling x10  
  89  17:47  Zergling x2  
  89  17:49  Zergling x2  
  89  17:50  Zergling x4  
  93  18:01  Zergling x4  
  93  18:02  Zergling x2  
  96  18:06  Corruptor x2  
  96  18:11  Zergling x2  
  96  18:12  Zergling x8  
Tags
 
Add a new tag
Caveats
  • Supply blocks, unpowered buildings, or Contaminate may cause inaccurate times.
  • Supply counts are checked every 10 seconds.